 Dungeon Crawl Stone Soup version 0.30-a0-1066-g63dfefce0d (webtiles) character file.

Game seed: 8555976958644498115

260 qeuew the Trooper (level 5, -1/42 HPs)
             Began as a Demonspawn Chaos Knight on Apr 12, 2023.
             Was a Plaything of Xom.
             Slain by an orc wizard
             ... wielding a +1 dagger of speed
              (3 damage)
             ... on level 3 of the Dungeon.
             The game lasted 00:03:24 (1506 turns).

qeuew the Trooper (Demonspawn Chaos Knight)         Turns: 1506, Time: 00:03:24

Health: -1/42      AC:  5    Str: 12    XL:     5   Next: 95%
Magic:  5/5        EV: 14    Int: 14    God:    Xom [......]
Gold:   71         SH:  0    Dex: 14    Spells: 4/4 levels left

rFire   . . .      SeeInvis .    a - +1 falchion (chaos)
rCold   . . .      Faith    .    (no shield)
rNeg    . . .      Spirit   .    b - +2 leather armour
rPois   +          Reflect  +    (no helmet)
rElec   .          Rampage  .    (no cloak)
rCorr   +                        (no gloves)
Will    .....                    (no boots)
Stlth   +                        g - amulet of reflection
HPRegen 0.27/turn                d - ring of resist corrosion
MPRegen 0.09/turn                k - ring of poison resistance

@: confused, very slow
A: repulsion field 1, weakness stinger 2, inability to drink after injury 1
a: Renounce Religion


You were on level 3 of the Dungeon.
You worshipped Xom.
You were a very special plaything of Xom.
You visited 1 branch of the dungeon, and saw 3 of its levels.

You collected 71 gold pieces.

Inventory:

Hand Weapons
 a - a +1 falchion of chaos (weapon)
Armour
 b - a +2 leather armour (worn)
Jewellery
 d - a ring of resist corrosion (left hand)
 g - an amulet of reflection (around neck)
 h - a +4 ring of protection
 i - a +4 ring of protection
 k - a ring of poison resistance (right hand)
 l - a +6 ring of intelligence
Scrolls
 f - a scroll of poison
 m - a scroll of immolation {unknown}
 o - a scroll of teleportation
 p - a scroll of enchant weapon
Potions
 j - a potion of cancellation
 n - a potion of brilliance {unknown}
Miscellaneous
 c - a piece from Xom's chessboard (15/15) (quivered)


   Skills:
 + Level 3.9 Fighting
 + Level 3.6 Long Blades
 + Level 2.9 Armour
 + Level 2.4 Dodging
 + Level 2.3 Evocations


You had 4 spell levels left.
You didn't know any spells.
Your spell library contained the following spells:

 Spells                   Type           Power      Damage    Failure   Level
 Shock                    Conj/Air       0%         1d3       36%         1
 Hailstorm                Conj/Ice       0%         3d3       73%         3
 Swiftness                Air            0%         N/A       73%         3
 Airstrike                Air            0%         2d(0-16)  98%         4
 Ice Form                 Ice/Tmut       0%         N/A       98%         4
 Simulacrum               Ice/Necr       0%         N/A       100%        6


Dungeon Overview and Level Annotations

Branches:
Dungeon (3/15)

Altars:

Shops:
D:3 (


Innate Abilities, Weirdness & Mutations

You are surrounded by a mild repulsion field. (EV +2)
You have a tail ending in a sharp stinger.
You occasionally lose the ability to drink potions when taking damage.


Message History

You miss something.
You hear some strange, mumbled words.
Something tries to affect you, but you resist.
The orc hits you with a +0 club.
* * * LOW HITPOINT WARNING * * *
A bat comes into view.
You barely miss something.
Your tail-slap misses something.
You hear a splashing noise.
You block the orc's attack. Something hits you.
* * * LOW HITPOINT WARNING * * *
You barely miss something. The orc hits you with a +0 club.
* * * LOW HITPOINT WARNING * * *
You hear a splashing noise.
You barely miss something.
Your tail-slap misses something.
The bat closely misses you. Something hits you.
* * * LOW HITPOINT WARNING * * *
The orc misses you. Something hits you.
* * * LOW HITPOINT WARNING * * *
Okay, then.
You barely miss something. You block the orc's attack.
You hear a splashing noise. x2
You hit something but do no damage. The bat hits you.
* * * LOW HITPOINT WARNING * * *
The orc closely misses you. Something hits you.
* * * LOW HITPOINT WARNING * * *
Your unstable footing causes you to fumble your attack.
The orc splashes around in the water.
You hear some strange, mumbled words.
You are confused.
The orc closely misses you.
You hear some strange, mumbled words.
Something tries to affect you, but you resist.
The bat closely misses you.
The orc hits the plant with a +0 club.
The plant begins to die.
The bat closely misses you.
You bump into the tree.
The bat completely misses you. Something hits you but does no damage.
You bump into the tree.
Something hits you but does no damage.
You miss something. The bat closely misses you.
Something hits you but does no damage. Something hits you.
You die...

#..#.##.#.##.##..
#####..>......##.##..
#......####.####.##..
#.###..####.####.##..
##............##..
#...############..
#.♣♣~# ....... #
#♣~P~♣ ...##.# #..
♣@{)~♣♣♣ .. #
#.~P~♣ob~~~♣ ..####
#.~♣~~P~♣~~~♣ .......
##♣~~~)~~~~~♣ #######
#~~~~P~~~~♣~♣
#♣PP♣~~~~♣~~♣
♣PP~~~≈≈P~~~
#~~~~~≈≈≈~~~~~~
P~~~≈≈≈≈≈~~~~♣♣


You could see an orc and a bat.

Vanquished Creatures
  Sigmund (D:2)
  Robin (D:3)
  2 adders (D:3)
  2 worms (D:2)
  2 dart slugs (D:1)
  3 orcs (D:3)
  2 bats (D:1)
  5 endoplasms
  3 giant cockroaches (D:1)
  10 goblins
  8 hobgoblins
  3 kobolds
  3 quokkas
  4 ball pythons
  3 frilled lizards
  3 rats
55 creatures vanquished.

Vanquished Creatures (others)
  19 plants (D:3)
19 creatures vanquished.

Grand Total: 74 creatures vanquished

Notes
Turn   | Place    | Note
-------+----------+-------------------------------------------
     0 | D:1      | qeuew the Demonspawn Chaos Knight began the quest for the
                  | Orb.
     0 | D:1      | Reached XP level 1. HP: 18/18 MP: 1/1
    35 | D:1      | Reached skill level 1 in Dodging
   128 | D:1      | Gained mutation: You have a small tail. [demonic ancestry]
   128 | D:1      | Reached XP level 2. HP: 21/24 MP: 2/2
   324 | D:1      | XOM: divination: detect creatures
   329 | D:1      | XOM: potion effect (invisibility)
   429 | D:1      | Found a faded altar of an unknown god.
   444 | D:1      | Reached skill level 1 in Evocations
   501 | D:1      | Gained mutation: Your body sometimes deteriorates upon
                  | taking damage. [potion of mutation]
   501 | D:1      | Gained mutation: Your mind is acute. (Int +4, Str/Dex -1)
                  | [potion of mutation]
   501 | D:1      | Gained mutation: You are strong-willed. (Will+) [potion of
                  | mutation]
   503 | D:1      | Lost mutation: Your body sometimes deteriorates upon taking
                  | damage. [potion of mutation]
   503 | D:1      | Lost mutation: Your mind is acute. (Int +4, Str/Dex -1)
                  | [potion of mutation]
   503 | D:1      | Lost mutation: You are strong-willed. (Will+) [potion of
                  | mutation]
   503 | D:1      | Gained mutation: You have a somewhat thin skeletal
                  | structure. (Dex +2, Stealth+) [potion of mutation]
   503 | D:1      | Gained mutation: You occasionally lose the ability to drink
                  | potions when taking damage. [potion of mutation]
   610 | D:2      | Gained mutation: You have a tail ending in a sharp stinger.
                  | [demonic ancestry]
   610 | D:2      | Reached XP level 3. HP: 22/29 MP: 3/3
   616 | D:2      | XOM: silly message
   791 | D:2      | Noticed Sigmund
   797 | D:2      | XOM: swap monsters
   801 | D:2      | XOM: butterfly on damage
   806 | D:2      | Killed Sigmund
   807 | D:2      | Reached XP level 4. HP: 19/37 MP: 4/4
   807 | D:2      | Gained mutation: You are surrounded by a mild repulsion
                  | field. (EV +2) [demonic ancestry]
   807 | D:2      | Reached XP level 5. HP: 21/42 MP: 5/5
   823 | D:2      | XOM: give mutation
   823 | D:2      | Lost mutation: You have a somewhat thin skeletal structure.
                  | (Dex +2, Stealth+) [Xom's mischief]
  1314 | D:3      | Noticed Robin
  1336 | D:3      | Killed Robin
  1403 | D:3      | Found Jenotuf's Weapon Shoppe.
  1499 | D:3      | HP: 2/42 [something (2)]
  1506 | D:3      | Slain by an orc wizard

Illustrated notes

Levels and vault maps discovered:
D:1:      saegor_arrival_simple_b, layout_rooms,
          dreamdust_ecumenical_altar_statues
D:2:      layout_basic, uniq_sigmund
D:3:      layout_loops_cross, serial_shops, shop, serial_bayou_lake_a,
          uniq_robin

Skill      XL: |  1  2  3 |
---------------+----------+-----
Dodging        | 1 2 |  2.4
Armour         | 2 |  2.9
Evocations     | 1 2 |  2.3
Long Blades    | 3 |  3.6
Fighting       | |  3.9

Action                     |  1- 3 |  4- 6 || total
---------------------------+-------+-------++-------
  Melee: Falchion          |    83 |    79 ||   162
         Tailslap          |     4 |     9 ||    13
         Punch             |     1 |       ||     1
    Use: Scroll            |     3 |     4 ||     7
         Potion            |     3 |     4 ||     7
   Stab: Invisible         |     1 |       ||     1
         Sleeping          |     1 |     1 ||     2
 Armour: Leather armour    |    28 |    29 ||    57
  Dodge: Dodged            |    50 |    49 ||    99
  Block: Other             |       |    13 ||    13

Table legend: (Time is in decaauts)
 A = Elapsed time spent in this place.
 B = Non-inter-level travel time spent in this place.
 C = Inter-level travel time spent in this place.
 D = Time resting spent in this place.
 E = Time spent auto-exploring this place.
 F = Levels seen in this place.
 G = Mean time per level.
                   A        B        C        D        E       F      G
               +--------+--------+--------+--------+--------+-----+--------+
         Total |   1536 |   1474 |     62 |     25 |   1027 |   3 |  512.0 |
       Dungeon |   1536 |   1474 |     62 |     25 |   1027 |   3 |  512.0 |
               +--------+--------+--------+--------+--------+-----+--------+

Top non-repeatable levels by time:
     D:2: 579 daAuts
     D:1: 550 daAuts
     D:3: 406 daAuts
